Map: Terraform LE (Void)

Players

SticklerMac

  • Race: Zerg Zerg
  • League: Silver

carbon - Winner!

  • Race: Protoss Protoss
  • League: Silver

VOD

Have the link to the VOD?

Description

Time

  • Played on: Oct. 1, 2015, 1:39 p.m.
  • Length: 15:01
Show
View Real Time Build Order
Export as new Build Order

SticklerMac Zerg 

Build Orders: Hatch First 

Get SALT Encoding   

  12  0:01  Drone  
  13  0:13  Overlord  
  13  0:17  Drone  
  14  0:32  Drone  
  14  0:34  Drone  
  16  0:38  Drone  
  17  0:55  Hatchery  
  16  0:57  Drone  
  16  0:59  Drone  
  18  1:06  Extractor  
  18  1:16  Spawning Pool  
  16  1:19  Drone  
  17  1:29  Drone  
  18  1:39  Drone  
  19  1:50  Drone  
  20  2:03  Overlord  
  20  2:06  Queen  
  20  2:07  Metabolic Boost  
  22  2:09  Queen  
  22  2:13  Zergling x2  
  25  2:18  Zergling x2  
  25  2:19  Zergling x2  
  27  2:26  Zergling x2  
  27  2:29  Zergling x2  
  29  2:33  Zergling x2  
  30  2:43  Zergling x4  
  29  2:53  Zergling x2  
  30  3:04  Zergling x4  
  29  3:07  Zergling x2  
  29  3:10  Queen  
  29  3:11  Queen  
  29  3:12  Zergling x2  
  32  3:16  Zergling x2  
  30  3:23  Zergling x2  
  31  3:27  Zergling x2  
  31  3:33  Zergling x2  
  32  3:43  Zergling x2  
  32  3:46  Zergling x2  
  34  3:49  Zergling x2  
  35  3:58  Zergling x2  
  36  4:08  Overlord x2  
  36  4:10  Roach Warren  
  36  4:11  Drone  
  36  4:14  Extractor  
  35  4:26  Zergling x4  
  35  4:28  Drone  
  38  4:32  Drone x3  
  38  4:33  Drone  
  42  4:42  Drone  
  42  4:43  Drone x2  
  45  4:49  Drone  
  46  4:56  Lair  
  46  5:01  Drone  
  47  5:08  Drone x2  
  47  5:14  Drone x2  
  51  5:22  Drone  
  51  5:24  Overlord  
  51  5:26  Overlord  
  52  5:35  Extractor  
  52  5:36  Drone  
  52  5:37  Overlord  
  52  5:39  Overlord  
  52  5:45  Drone x3  
  52  5:48  Drone  
  56  5:50  Drone  
  56  5:56  Overseer  
  57  5:58  Glial Reconstitution  
  57  6:00  Drone  
  57  6:01  Drone  
  57  6:03  Drone  
  60  6:23  Roach x4  
  60  6:24  Roach x3  
  74  6:26  Drone  
  74  6:27  Roach  
  77  6:33  Evolution Chamber  
  77  6:37  Zergling x8  
  80  6:41  Drone  
  80  6:46  Spore Crawler  
  80  6:48  Spore Crawler  
  80  6:51  Spore Crawler  
  80  6:54  Spore Crawler  
  77  6:57  Roach x2  
  77  6:58  Roach  
  83  7:07  Overlord x2  
  83  7:09  Overlord  
  83  7:30  Roach x5  
  83  7:31  Roach x3  
  99  7:37  Roach  
  99  7:38  Roach  
  99  7:41  Ravager x4  
  99  7:42  Ravager  
  108  7:44  Overlord  
  108  7:48  Zerg Missile Weapons Level 1  
  108  8:00  Overlord  
  108  8:01  Overlord x2  
  108  8:05  Ravager x4  
  111  8:06  Ravager x3  
  111  8:07  Ravager  
  116  8:30  Roach x6  
  116  9:04  Zergling x2  
  116  9:05  Zergling x4  
  99  9:16  Roach x11  
  93  9:22  Overseer  
  93  9:28  Overseer  
  93  9:30  Roach x2  
  97  9:35  Roach x2  
  97  9:36  Roach  
  103  9:43  Roach x3  
  109  9:49  Pneumatized Carapace  
  109  9:50  Roach  
  111  9:58  Hatchery  
  110  10:02  Roach x4  
  118  10:11  Roach x2  
  122  10:24  Roach x5  
  122  10:27  Drone x2  
  59  11:26  Roach x3  
  59  11:27  Roach x7  
  59  11:28  Roach x5  
  81  11:47  Overlord x3  
  81  11:49  Overseer x4  
  81  11:50  Overseer x2  
  81  11:51  Roach  
  77  12:10  Zergling x6  
  77  12:11  Zergling x8  
  77  12:12  Zergling x10  
  89  12:16  Roach  
  89  12:21  Roach  
  88  12:43  Hatchery  
  87  12:48  Spore Crawler  
  87  12:49  Spine Crawler  
  85  12:53  Spine Crawler  
  85  12:56  Roach  
  86  13:06  Ravager x7  
  86  13:10  Drone  
  94  13:37  Roach  
  94  13:38  Roach x4  
  104  13:46  Roach x2  
  83  14:14  Overlord x2  
  83  14:15  Overlord  
  83  14:16  Overlord  
  83  14:32  Roach x2  
  83  14:33  Roach  
Show
View Real Time Build Order
Export as new Build Order

carbon Protoss - Winner!

Build Orders: Zealot Archon 

Get SALT Encoding   

  12  0:04  Probe (Chrono Boost)  
  13  0:14  Probe (Chrono Boost)  
  13  0:19  Pylon  
  14  0:24  Probe (Chrono Boost)  
  15  0:37  Forge  
  15  0:40  Probe (Chrono Boost)  
  16  0:50  Probe (Chrono Boost)  
  17  1:00  Probe (Chrono Boost)  
  18  1:11  Pylon  
  18  1:15  Probe (Chrono Boost)  
  19  1:24  Probe (Chrono Boost)  
  20  1:34  Probe (Chrono Boost)  
  21  1:44  Probe (Chrono Boost)  
  21  1:45  Nexus  
  22  1:57  Photon Cannon  
  22  1:59  Photon Cannon  
  22  2:07  Probe (Chrono Boost)  
  23  2:17  Probe (Chrono Boost)  
  24  2:24  Photon Cannon  
  24  2:27  Probe (Chrono Boost)  
  24  2:28  Assimilator  
  24  2:29  Assimilator  
  25  2:36  Pylon  
  25  2:37  Probe (Chrono Boost)  
  25  2:42  Gateway  
  26  2:47  Probe (Chrono Boost)  
  27  2:57  Probe (Chrono Boost)  
  28  3:01  Photon Cannon  
  28  3:02  Gateway  
  28  3:05  Probe (Chrono Boost)  
  29  3:07  Probe (Chrono Boost)  
  29  3:12  Pylon  
  30  3:15  Probe (Chrono Boost)  
  31  3:23  Probe (Chrono Boost)  
  32  3:30  Probe (Chrono Boost)  
  33  3:36  Gateway  
  33  3:37  Gateway  
  33  3:38  Probe (Chrono Boost)  
  33  3:40  Pylon  
  34  3:48  Pylon  
  34  3:49  Pylon  
  34  3:55  Cybernetics Core  
  34  3:58  Probe x2 (Chrono Boost)  
  34  4:00  Protoss Ground Weapons Level 1 (Chrono Boost)  
  36  4:03  Assimilator  
  36  4:10  Probe (Chrono Boost)  
  36  4:11  Pylon  
  36  4:14  Probe (Chrono Boost)  
  38  4:23  Probe (Chrono Boost)  
  39  4:25  Warp Gate (Chrono Boost)  
  39  4:26  Probe  
  40  4:32  Assimilator  
  40  4:35  Probe  
  42  4:38  Probe  
  42  4:42  Sentry  
  42  4:43  Sentry  
  46  4:46  Stalker  
  46  4:47  Probe  
  46  4:50  Probe  
  52  5:00  Mothership Core, Zealot  
  52  5:02  Probe  
  52  5:05  Pylon  
  55  5:14  Twilight Council, Probe  
  55  5:17  Pylon x2  
  55  5:21  Probe  
  57  5:25  Sentry x2  
  57  5:27  Probe  
  62  5:33  Probe  
  63  5:39  Probe  
  64  5:43  Pylon  
  64  5:45  Probe, Pylon  
  65  5:51  Probe, Blink (Chrono Boost)  
  65  5:52  Stalker  
  68  5:57  Probe  
  68  6:00  Dark Shrine  
  68  6:03  Probe  
  70  6:11  Gateway  
  70  6:14  Gateway  
  70  6:17  Probe x2  
  70  6:18  Gateway  
  72  6:27  Nexus  
  72  6:32  Assimilator  
  72  6:34  Assimilator  
  72  6:37  Stalker, Pylon  
  72  6:39  Stalker  
  76  6:40  Stalker, Pylon  
  76  6:42  Stalker  
  76  6:43  Probe, Pylon  
  76  6:44  Probe  
  82  6:51  Protoss Ground Weapons Level 2 (Chrono Boost)  
  82  6:57  Templar Archives  
  82  6:59  Probe  
  82  7:00  Pylon  
  83  7:01  Probe  
  84  7:11  Probe  
  84  7:13  Probe  
  86  7:21  Photon Cannon  
  86  7:22  Gateway, Pylon  
  86  7:23  Probe  
  86  7:26  Probe  
  88  7:33  Photon Cannon  
  88  7:35  Probe  
  88  7:36  Pylon  
  89  7:38  Probe  
  89  7:40  High Templar  
  89  7:41  High Templar x2  
  89  7:43  Archon  
  96  7:45  High Templar  
  96  7:47  Archon  
  98  7:52  Pylon  
  98  8:00  Dark Templar  
  98  8:03  Probe x2  
  102  8:17  Psionic Storm  
  102  8:19  Nexus  
  102  8:23  Assimilator  
  102  8:27  Assimilator  
  102  8:31  Pylon  
  102  8:33  Pylon  
  102  8:41  Stalker x3  
  108  8:43  Zealot x5  
  108  8:47  Protoss Ground Armor Level 1 (Chrono Boost)  
  118  8:52  Probe x2  
  110  9:04  Dark Templar x5  
  106  9:21  Dark Templar x2  
  108  9:25  Probe  
  109  9:37  High Templar x2  
  109  9:38  Stalker  
  115  9:59  Zealot x3  
  121  10:00  Zealot x2  
  121  10:01  Stargate  
  121  10:04  Stargate  
  125  10:15  Nexus  
  125  10:19  Protoss Ground Weapons Level 3 (Chrono Boost), Assimilator  
  125  10:23  Assimilator  
  125  10:26  Nexus, Pylon  
  125  10:28  Pylon  
  125  10:29  Robotics Facility, Assimilator  
  125  10:30  Pylon  
  125  10:32  Zealot x3  
  125  10:33  Zealot, Assimilator  
  125  10:34  Pylon  
  125  10:35  Pylon  
  133  10:37  Zealot x2  
  133  10:38  Pylon, Zealot  
  89  10:50  Zealot  
  89  10:53  Dark Templar x2  
  76  11:00  Stalker x4  
  76  11:03  Dark Templar  
  69  11:11  Dark Templar  
  68  11:22  Probe  
  68  11:24  Pylon  
  63  11:27  Dark Templar x2  
  63  11:28  Stalker, Dark Templar  
  63  11:29  Stalker x2  
  70  11:47  Dark Templar x2  
  70  11:50  Probe x2  
  70  11:53  Assimilator  
  74  11:58  Pylon  
  74  11:59  High Templar x3  
  74  12:00  High Templar  
  74  12:01  Pylon  
  82  12:03  Archon  
  82  12:04  Zealot x2, Archon  
  82  12:08  Probe x2  
  88  12:21  Gateway  
  88  12:24  Gateway  
  88  12:27  Gateway  
  88  12:29  Gateway  
  88  12:32  Pylon  
  78  12:37  Void Ray x2 (Chrono Boost)  
  86  12:45  High Templar x3  
  86  12:47  Stalker  
  86  12:48  Stalker  
  96  12:55  Photon Cannon  
  96  12:56  Photon Cannon  
  96  13:04  High Templar x2  
  96  13:05  Immortal (Chrono Boost)  
  100  13:08  Void Ray  
  108  13:23  Zealot  
  108  13:24  Zealot x3  
  108  13:25  Zealot  
  118  13:28  Void Ray  
  118  13:33  Pylon  
  118  13:38  Observer (Chrono Boost)  
  118  13:39  High Templar  
  118  13:40  High Templar  
  127  13:41  Archon  
  127  13:42  High Templar  
  127  13:43  High Templar  
  127  13:45  Archon  
  131  13:54  Zealot x4  
  121  14:10  Dark Templar  
  121  14:13  Dark Templar x2  
  127  14:18  Dark Templar x3  
  127  14:59  Zealot x2  
  121  15:00  High Templar  
  121  15:01  High Templar  
Tags
 
Add a new tag
Caveats
  • Supply blocks, unpowered buildings, or Contaminate may cause inaccurate times.
  • Supply counts are checked every 10 seconds.